 Dungeon Crawl Stone Soup version 0.27.1-15-g792fb953b9 (webtiles) character file.

Game seed: 2445377398853119033

21 Anon1729 the Ruffian (level 2, -1/23 HPs)
             Began as a Draconian Transmuter on Nov 20, 2021.
             Was a Believer of Lugonu.
             Slain by an adder (3 damage)
             ... on level 1 of the Dungeon.
             The game lasted 00:07:22 (1359 turns).

Anon1729 the Ruffian (Draconian Transmuter)         Turns: 1359, Time: 00:07:22

Health: -1/23      AC:  4    Str: 12    XL:     2   Next: 65%
Magic:  5/5        EV: 12    Int: 13    God:    Lugonu [**....]
Gold:   46         SH:  0    Dex: 11    Spells: 4/5 levels left

rFire    . . .     SeeInvis .     - Unarmed
rCold    . . .     Faith    .   (no shield)
rNeg     . . .     Spirit   .   (armour unavailable)
rPois    .         Reflect  .   (helmet restricted)
rElec    .         Harm     .   (no cloak)
rCorr    .         Rampage  .   (no gloves)
Will     .....                  (no boots)
Stlth    +.........             (no amulet)
HPRegen  0.07/turn              (no ring)
MPRegen  0.09/turn              (no ring)

@: hasted, very quick
A: AC +4, unfitting armour, cold-blooded
a: Renounce Religion, Depart the Abyss, Bend Space


You were on level 1 of the Dungeon.
You worshipped Lugonu.
Lugonu was pleased with you.
You visited 1 branch of the dungeon, and saw 2 of its levels.

You collected 46 gold pieces.

Inventory:

Hand Weapons
 a - a +0 dagger
Scrolls
 b - a scroll of fear {unknown}
 c - a scroll of enchant weapon {unknown}
 d - a scroll of identify {unknown}
 e - a scroll of teleportation {unknown}


   Skills:
 + Level 1.5 Fighting
 + Level 2.0 Dodging
 * Level 3.3 Unarmed Combat
 + Level 2.1 Spellcasting
 * Level 2.4 Transmutations


You had 4 spell levels left.
You knew the following spells:

 Your Spells              Type           Power      Damage    Failure   Level
a - Beastly Appendage     Tmut           14%        N/A       10%         1

Your spell library contained the following spells:

 Spells                   Type           Power      Damage    Failure   Level
 Wereblood                Tmut           7%         N/A       14%         2
 Spider Form              Tmut/Pois      2%         N/A       41%         3
 Ice Form                 Ice/Tmut       4%         N/A       83%         4


Dungeon Overview and Level Annotations

Branches:
Dungeon (2/15)

Altars:
Lugonu


Innate Abilities, Weirdness & Mutations

Your plain brown scales are hard. (AC +4)
You cannot fit into any form of body armour.
You are cold-blooded and may be slowed by cold attacks.


Message History

You miss the adder. Your kick misses the adder.
The adder is moderately wounded.
Your transformation is almost over.
You feel sick. The adder bites you.
You are more poisoned.
The adder poisons you! The adder barely misses you.
You closely miss the adder.
The adder is moderately wounded.
You feel very sick. The adder bites you but does no damage.
You closely miss the adder. Your kick misses the adder.
The adder is lightly wounded.
You feel sick. The adder barely misses you.
You barely miss the adder.
The adder is lightly wounded.
You feel sick. The adder closely misses you.
You are too injured to fight recklessly!
You are too injured to fight recklessly!
You completely miss the adder. Your kick misses the adder.
The adder is lightly wounded.
You feel sick. The adder bites you.
* * * LOW HITPOINT WARNING * * *
It was a potion of haste.
You feel yourself speed up.
You feel sick. The adder closely misses you. The adder barely misses you.
You feel sick.
You feel sick.
Found a hat. 2 orcs and an orc wizard come into view.
You feel sick.
The orc wizard shouts!
The orc shouts! x2; You hear a shout!
You feel sick.
You are no longer poisoned.
Your horns disappear.
Your talons disappear.
The adder closely misses you.
There is a stone staircase leading up, spattered with blood here.
The adder closely misses you.
You climb upwards.
There is a stone staircase leading down here.
The adder bites you.
You die...

.....# #...# #.# .....# ##..#
#.# .....# #..# #.# .....# #..#
#.# )##### #..## #.# .# ##..#
#.# .# #.[# #.# .# #.S#### #.#
.# ##>@..# #.# .# ####.# ####.#
.# #.# #.##.# ## #.# #.##.#
##################.# #.##.#
+..................# #.##.#
.8.################# #.##.#
..8..##################.##.#####
......)....[..........#.##.....#


You could see an adder.

Vanquished Creatures
  2 bats (D:1)
  An endoplasm (D:1)
  4 goblins (D:1)
  2 hobgoblins (D:1)
  2 kobolds (D:1)
  2 quokkas (D:1)
  3 ball pythons (D:1)
  2 frilled lizards (D:1)
  2 rats (D:1)
20 creatures vanquished.

Notes
Turn   | Place    | Note
-------+----------+-------------------------------------------
     0 | D:1      | Anon1729 the Draconian Transmuter began the quest for the
                  | Orb.
     0 | D:1      | Reached XP level 1. HP: 16/16 MP: 3/3
   444 | D:1      | Found a faded altar of an unknown god.
   456 | D:1      | Reached XP level 2. HP: 23/23 MP: 3/5
   474 | D:1      | Became a worshipper of Lugonu the Unformed
   474 | D:1      | Reached * piety under Lugonu
   474 | D:1      | Reached ** piety under Lugonu
  1350 | D:2      | HP: 1/23 [poisoned by an adder]
  1359 | D:1      | Slain by an adder

Illustrated notes

Levels and vault maps discovered:
D:1:      sevenhm_arrival_forest_fort_small_4, layout_basic,
          shapermc_ecumenical_altar_pompeii
D:2:      layout_basic, basic_altar, chequers_serial_rivers_small_a,
          minmay_misc_feat_rows

Skill      XL: |  1  2 |
---------------+-------+-----
Dodging        | 2 |  2.0
Fighting       | |  1.5
Unarmed Combat | |  3.3
Spellcasting   | |  2.1
Transmutations | |  2.4

Action                   || total
-------------------------++-------
Melee: Unarmed           ||    90
       Kick              ||    11
       Headbutt          ||     4
       Tailslap          ||     3
 Cast: Beastly Appendage ||    14
  Use: Potion            ||     1
 Stab: Sleeping          ||     1
Armor: Skin              ||    20
Dodge: Dodged            ||    60
